Map: Shrines of Lizul

Players

PureLegacy - Winner!

  • Race: Terran Terran
  • Spawn Location: 6:00

MrBadAss - Winner!

  • Race: Protoss Protoss
  • Spawn Location: 9:00

XeLa

  • Race: Terran Terran
  • League: Master
  • Spawn Location: 12:00

Rolo

  • Race: Zerg Zerg
  • Spawn Location: 3:00

VOD

Have the link to the VOD?

Description

Time

  • Played on: Nov. 27, 2018, 7:21 p.m.
  • Length: 7:02
Show
View Real Time Build Order
Export as new Build Order

PureLegacy Terran - Winner!

Build Orders:  

Get SALT Encoding   

  12  0:01  SCV  
  13  0:13  SCV  
  14  0:19  Supply Depot  
  14  0:25  SCV  
  15  0:29  Refinery  
  15  0:40  SCV  
  16  0:46  Barracks  
  16  0:52  SCV  
  17  1:07  Barracks  
  17  1:22  SCV  
  17  1:23  Barracks  
  18  1:35  Reaper  
  19  1:40  Orbital Command  
  19  1:46  Refinery  
  19  1:57  Supply Depot  
  19  2:02  Reaper  
  20  2:11  Reaper x2  
  20  2:12  SCV  
  23  2:30  SCV  
  23  2:34  Supply Depot, Reaper  
  25  2:43  Reaper x2, SCV  
  28  3:07  Reaper  
  28  3:08  SCV  
  30  3:14  Command Center  
  30  3:18  Reaper x2  
  31  3:31  SCV  
  32  3:39  Reaper  
  32  3:49  Barracks  
  32  3:50  Barracks, Reaper x2  
  32  3:54  SCV  
  35  4:11  Reaper  
  34  4:21  SCV  
  34  4:22  Reaper  
  34  4:24  Supply Depot, Reaper  
  37  4:26  Orbital Command  
  37  4:34  SCV  
  38  4:43  Reaper x3  
  32  4:48  SCV  
  32  4:51  Refinery  
  33  4:53  Refinery  
  33  4:55  Reaper  
  33  4:58  Reaper, SCV  
  36  5:00  SCV  
  37  5:15  Reaper x2  
  37  5:17  SCV  
  37  5:18  SCV  
  41  5:21  Reaper  
  41  5:26  Barracks  
  41  5:27  Barracks  
  41  5:28  Barracks  
  42  5:32  Reaper  
  42  5:34  Reaper  
  42  5:35  SCV x2  
  46  5:47  Reaper, SCV x2  
  46  5:48  Supply Depot  
  50  5:50  Reaper  
  50  5:56  Reaper  
  51  5:59  SCV  
  51  6:00  SCV  
  53  6:05  Reaper  
  53  6:11  SCV  
  53  6:12  SCV  
  53  6:17  Reaper x2  
  55  6:19  Reaper  
  55  6:22  Supply Depot, Reaper  
  55  6:23  Reaper x2  
  55  6:24  SCV x2  
  62  6:49  SCV x2  
Show
View Real Time Build Order
Export as new Build Order

MrBadAss Protoss - Winner!

Build Orders:  

Get SALT Encoding   

  12  0:01  Probe  
  13  0:15  Pylon  
  13  0:18  Probe  
  14  0:32  Probe  
  14  0:34  Gateway  
  14  0:42  Probe  
  16  0:52  Probe  
  16  0:54  Assimilator  
  17  1:04  Probe  
  18  1:12  Gateway  
  18  1:17  Probe  
  19  1:25  Cybernetics Core  
  19  1:32  Probe  
  20  1:40  Pylon  
  20  1:44  Probe  
  21  1:50  Assimilator  
  21  1:53  Adept  
  21  1:57  Adept, Probe  
  26  2:11  Probe  
  26  2:15  Warp Gate  
  27  2:18  Adept  
  29  2:39  Probe  
  30  2:47  Sentry  
  30  2:48  Pylon  
  29  3:11  Probe  
  30  3:20  Gateway, Sentry  
  30  3:22  Gateway  
  30  3:23  Probe  
  30  3:27  Stalker  
  33  3:38  Pylon  
  35  3:49  Adept  
  35  3:55  Robotics Facility  
  35  4:12  Pylon  
  35  4:17  Sentry  
  35  4:19  Sentry  
  35  4:22  Stalker  
  41  4:27  Adept  
  41  4:29  Probe  
  44  4:32  Warp Prism  
  44  4:44  Stalker x2  
  51  4:45  Probe  
  41  5:08  Probe  
  41  5:10  Adept x3  
  46  5:37  Nexus  
  46  5:40  Pylon  
  40  6:02  Probe  
  41  6:06  Immortal, Twilight Council  
  41  6:16  Adept x2  
  41  6:17  Adept  
  41  6:18  Adept  
  49  6:30  Probe  
  48  6:39  Shield Battery  
  48  6:42  Probe, Shield Battery  
  49  6:49  Templar Archives  
Show
View Real Time Build Order
Export as new Build Order

XeLa Terran 

Build Orders:  

Get SALT Encoding   

  12  0:02  SCV  
  13  0:14  SCV  
  13  0:18  Supply Depot  
  14  0:27  SCV  
  15  0:30  Refinery  
  15  0:40  SCV  
  16  0:46  Barracks  
  16  0:52  SCV  
  17  1:04  Barracks  
  17  1:07  SCV  
  18  1:16  Refinery  
  18  1:21  SCV  
  19  1:34  Reaper  
  19  1:36  Supply Depot  
  20  1:47  Barracks  
  20  1:53  Reaper  
  21  2:06  Reaper  
  22  2:08  SCV  
  23  2:25  Marine  
  23  2:32  Orbital Command  
  23  2:36  Reaper  
  24  2:38  Reaper  
  24  2:43  Reaper  
  17  3:07  SCV  
  17  3:08  Reaper  
  17  3:10  Marine  
  20  3:15  Reaper  
  20  3:19  SCV  
  20  3:28  Reaper  
  20  3:32  SCV  
  17  3:40  Reaper  
  18  3:44  SCV  
  18  3:47  Reaper  
  20  3:56  SCV  
  20  4:00  Reaper  
  21  4:08  SCV  
  22  4:12  Reaper  
  23  4:19  Reaper  
  23  4:20  SCV  
  25  4:32  Reaper, SCV  
  24  4:44  Reaper, SCV  
  25  4:51  Reaper  
  26  4:56  SCV  
  27  5:04  Reaper  
  26  5:16  Reaper  
  25  5:23  Reaper  
  25  5:24  Command Center  
  25  5:25  SCV  
  27  5:36  Reaper  
  27  5:37  SCV  
  28  5:48  Reaper  
  28  5:49  SCV  
  28  5:55  Reaper  
  27  6:04  SCV  
  27  6:08  Reaper  
  25  6:16  SCV  
  25  6:20  Reaper  
  23  6:27  Reaper  
  23  6:28  SCV  
  18  6:40  SCV  
Show
View Real Time Build Order
Export as new Build Order

Rolo Zerg 

Build Orders: Pool First, Zergling Baneling 

Get SALT Encoding   

  12  0:00  Drone  
  13  0:13  Overlord  
  13  0:18  Drone  
  14  0:31  Drone x2  
  14  0:35  Drone  
  17  0:37  Extractor  
  16  0:50  Spawning Pool  
  16  0:53  Drone  
  16  1:20  Hatchery  
  16  1:23  Drone  
  16  1:37  Queen  
  18  1:44  Metabolic Boost  
  18  1:50  Drone  
  18  1:52  Drone  
  20  2:00  Overlord  
  20  2:09  Zergling x2  
  20  2:13  Baneling Nest  
  20  2:20  Drone  
  21  2:31  Zergling x2  
  22  2:38  Drone  
  22  2:39  Queen  
  25  2:44  Zergling x2  
  25  2:50  Zergling x2  
  27  2:56  Zergling x4  
  29  3:10  Zergling x6  
  31  3:13  Baneling x2  
  31  3:15  Baneling x2  
  31  3:19  Zergling x4  
  33  3:28  Zergling x6  
  36  3:37  Zergling x2  
  36  3:38  Zergling x2  
  34  3:46  Zergling x4  
  36  3:52  Overlord x2  
  36  3:55  Baneling  
  36  3:56  Baneling x3  
  36  3:57  Baneling  
  32  4:10  Zergling x6  
  32  4:16  Zergling x2  
  32  4:17  Zergling x2  
  36  4:18  Zergling x2  
  36  4:21  Drone  
  36  4:22  Drone, Zergling x4  
  39  4:51  Zergling x2  
  39  4:52  Zergling x8  
  39  5:02  Zergling x10  
  39  5:03  Zergling x4  
  37  5:13  Zergling x2  
  37  5:14  Zergling x2  
  39  5:25  Hatchery, Zergling x4  
  33  5:43  Zergling x4  
  33  5:45  Baneling x4  
  33  5:46  Baneling, Zergling x4  
  33  5:48  Drone x3  
  40  5:52  Spore Crawler  
  39  5:57  Zergling x4  
  39  6:02  Zergling x4  
  36  6:20  Spore Crawler  
  36  6:21  Spine Crawler, Zergling x8  
  36  6:24  Zergling x2  
  39  6:32  Zergling x6  
  39  6:39  Zergling x2  
Tags
 
Add a new tag
Caveats
  • Supply blocks, unpowered buildings, or Contaminate may cause inaccurate times.
  • Supply counts are checked every 10 seconds.